 Dungeon Crawl Stone Soup version 0.31-a0-986-g5e6e4ef867 (webtiles) character file.

Game seed: 12638582435967500403

43 Curundu the Trooper (level 3, -1/33 HPs)
             Began as a Draconian Berserker on Nov 21, 2023.
             Was a Believer of Trog.
             Slain by a jackal (2 damage)
             ... on level 2 of the Dungeon on Nov 23, 2023.
             The game lasted 00:08:37 (1198 turns).

Curundu the Trooper (Draconian Berserker)           Turns: 1198, Time: 00:08:40

Health: -1/33      AC:  5    Str: 19    XL:     3   Next: 37%
Magic:  3/3        EV: 12    Int:  7    God:    Trog [**....]
Gold:   30         SH:  0    Dex: 12    Spells: 2/2 levels left

rFire   . . .        a - +0 short sword
rCold   . . .        (no shield)
rNeg    . . .        (body armour unavailable)
rPois   .            (helmet restricted)
rElec   .            (no cloak)
rCorr   .            (no gloves)
SInv    .            (no boots)
Will    .....        (no amulet)
Stlth   +            (no ring)
HPRegen 0.25/turn    (no ring)
MPRegen 0.08/turn

%: no passive effects
@: lethally poisoned (-1 -> -5)
A: AC +5, unfitting armour, cold-blooded
a: Renounce Religion, Berserk, Trog's Hand


You were on level 2 of the Dungeon.
You worshipped Trog.
Trog was pleased with you.
You visited 1 branch of the dungeon, and saw 2 of its levels.

You collected 30 gold pieces.

Inventory:

Hand Weapons
 a - a +0 short sword (weapon)
Missiles
 c - 3 boomerangs
 g - 6 poisoned darts
Magical Staves
 e - a staff of earth
Scrolls
 b - a scroll of fear {unknown}
 d - a scroll of immolation {unknown}
 f - a scroll of identify {unknown}
 h - a scroll of blinking {unknown}


   Skills:
 + Level 3.6 Fighting
 + Level 3.5 Short Blades
 + Level 3.3 Dodging
 + Level 0.3 Stealth


You had 2 spell levels left.
You didn't know any spells.
Your spell library contained the following spells:

 Spells                   Type           Power      Damage    Failure   Level
 Summon Forest            Summ/Tloc      0%         N/A       100%        5
 Eringya's Noxious Bog    Tmut/Pois      0%         4d6       100%        6
 Summon Hydra             Summ           0%         N/A       100%        7


Dungeon Overview and Level Annotations

Branches:
Dungeon (2/15)

Altars:


Innate Abilities, Weirdness & Mutations

Your plain brown scales are hard. (AC +5)
You cannot fit into any form of body armour.
You are cold-blooded and may be slowed by cold attacks.


Message History

You kill the adder!
Trog accepts your kill.
You can now call upon Trog for regeneration and willpower.
You feel sick. The jackal barely misses you.
The bat hits you but does no damage. The adder closely misses you.
You hit the endoplasm. You tail-slap the endoplasm.
You kill the endoplasm!
Trog accepts your kill.
You feel sick.
You are no longer poisoned.
The bat barely misses you. The jackal bites you. The adder closely misses you.
The jackal bites you but does no damage.
You hit the adder. You tail-slap the adder.
The adder is moderately wounded.
The bat barely misses you. The adder closely misses you.
The jackal barely misses you.
You miss the adder.
The adder is moderately wounded.
The adder bites you.
* * * LOW HITPOINT WARNING * * *
The jackal bites you but does no damage.
You closely miss the adder.
The adder is moderately wounded.
The bat closely misses you. The adder bites you.
* * * LOW HITPOINT WARNING * * *
The jackal bites you.
* * * LOW HITPOINT WARNING * * *
You barely miss the adder.
The adder is moderately wounded.
The bat misses you. The adder bites you.
* * * LOW HITPOINT WARNING * * *
You are lethally poisoned!
The adder poisons you! The jackal misses you.
You hit the adder.
The adder is heavily wounded.
* * * LOW HITPOINT WARNING * * *
You feel sick. The bat hits you.
* * * LOW HITPOINT WARNING * * *
The adder barely misses you. The jackal bites you.
You die...

#............
#............
#............#
#............#
#.............
#..b..........
#............#
######+#@.#......
.......S†h.......
.......:.........
.................
...........#.....
...........#.....
...........# ....
...........# ...
...........# ...


You could see an adder, a jackal and a bat.

Vanquished Creatures
  An adder (D:2)
  2 dart slugs (D:1)
  2 endoplasms
  A giant cockroach (D:1)
  3 goblins (D:1)
  3 hobgoblins (D:1)
  2 jackals (D:2)
  2 kobolds (D:1)
  2 quokkas (D:1)
  5 ball pythons (D:1)
  3 bats (D:1)
  A rat (D:1)
27 creatures vanquished.

Notes
Turn   | Place    | Note
-------+----------+-------------------------------------------
     0 | D:1      | Curundu the Draconian Berserker began the quest for the
                  | Orb.
     0 | D:1      | Reached XP level 1. HP: 19/19 MP: 1/1
   363 | D:1      | Reached XP level 2. HP: 26/26 MP: 2/2
   905 | D:1      | Reached XP level 3. HP: 29/31 MP: 3/3
  1192 | D:2      | Reached ** piety under Trog
  1198 | D:2      | HP: 1/33 [bat (1)]
  1198 | D:2      | Slain by a jackal

Illustrated notes

Levels and vault maps discovered:
D:1:      heliophobic_arrival_dark_side_of_the_moon, layout_basic
D:2:      cheibrodos_fertilizer, layout_basic, basic_altar

Skill      XL: |  1  2 |
---------------+-------+-----
Dodging        | 3 |  3.3
Fighting       | |  3.6
Short Blades   | |  3.5
Stealth        | |  0.3

Action                     || total
---------------------------++-------
  Melee: Short sword       ||   113
         Tailslap          ||    15
   Stab: Sleeping          ||     2
 Armour: Skin              ||    91
  Dodge: Dodged            ||   116

Table legend: (Time is in decaauts)
 A = Elapsed time spent in this place.
 B = Non-inter-level travel time spent in this place.
 C = Inter-level travel time spent in this place.
 D = Time resting spent in this place.
 E = Time spent auto-exploring this place.
 F = Levels seen in this place.
 G = Mean time per level.
                   A        B        C        D        E       F      G
               +--------+--------+--------+--------+--------+-----+--------+
         Total |   1179 |   1179 |      0 |     35 |      0 |   2 |  589.5 |
       Dungeon |   1179 |   1179 |      0 |     35 |      0 |   2 |  589.5 |
               +--------+--------+--------+--------+--------+-----+--------+

Top non-repeatable levels by time:
     D:1: 1157 daAuts
     D:2: 22 daAuts
